Unix NetHack Version 3.7.0-66 Work-in-progress - last build Dec 5 2022 03:26:57 (dbea811729ade750c4c0c7f8ab6145c62533a6e7,branch:master). Game began 2022-12-24 18:41:07, ended 2022-12-25 13:29:32. Cohen, neutral male gnomish Wizard ----- |... |...| |..G| |...| |...| -.--- Cohen the Conjurer St:13 Dx:9 Co:16 In:19 Wi:10 Ch:12 Neutral Dlvl:8 $:156 HP:0(42) Pw:29(45) AC:7 Xp:5/165 T:4616 Blind Latest messages: The rothe hits! The rothe bites! The rothe bites! What do you want to zap? [cpUV or ?*] In what direction? You dig a hole through the ground. You fall through... Wizard, your life force is running out. You descend the stairs. You hear a door open. You hear a sceptre pounded in judgment. You stop searching. Pick an object. You climb up the stairs. You stop searching. You stop searching. Pick an object. In what direction? The spell misses the yellow light. The yellow light explodes! You are blinded by a blast of light! You feel an unseen monster! It bites! You stop searching. It misses! It bites! It bites! In what direction? The magic missile hits it. It bites! It bites! What do you want to zap? [cpUV or ?*] In what direction? You kill it! Welcome to experience level 5. It bites! You stop searching. What do you want to throw? [$x or ?*] In what direction? The potion of paralysis misses. You hear something shatter! You smell a peculiar odor... Something seems to be holding you. It bites! It bites! You can move again. You descend the stairs. It bites! You die... Do you want your possessions identified? [ynq] (y) Inventory: Coins ('$') $ - 156 gold pieces Amulets ('"') u - an uncursed amulet of flying Weapons (')') M - the rustproof +0 Magicbane (weapon in hand) x - a +0 orcish dagger Armor ('[') C - a cursed -1 pair of levitation boots B - an uncursed +0 cloak of magic resistance (being worn) N - an uncursed +0 leather armor (being worn) Comestibles ('%') Z - an uncursed plump helmet A - an uncursed egg Scrolls ('?') R - a cursed scroll of amnesia t - an uncursed scroll of fire i - an uncursed scroll of identify T - a blessed scroll of magic mapping j - 2 uncursed scrolls of remove curse Spellbooks ('+') e - an uncursed spellbook of stone to flesh Potions ('!') O - 2 uncursed potions of gain ability X - a blessed potion of monster detection z - an uncursed potion of monster detection a - an uncursed potion of oil q - an uncursed potion of see invisible f - an uncursed potion of sickness h - an uncursed potion of sleeping w - 2 uncursed potions of water Rings ('=') D - a blessed +2 ring of gain strength (on left hand) E - an uncursed ring of invisibility (on right hand) b - a cursed ring of teleportation Wands ('/') c - a wand of digging (0:3) p - a wand of fire (0:3) U - a wand of polymorph (0:3) V - a wand of slow monster (0:7) Tools ('(') n - an uncursed blindfold k - an uncursed skeleton key Gems/Stones ('*') y - a cursed worthless piece of black glass G - 13 uncursed rocks Cohen the Wizard's attributes: Background: You were a Conjurer, a level 5 male gnomish Wizard. You were neutral, on a mission for Thoth who was opposed by Ptah (lawful) and Anhur (chaotic). You were in the Dungeons of Doom, on level 8. You entered the dungeon 4616 turns ago. There was a new moon in effect when your adventure ended. You had 165 experience points, 155 more were needed to attain level 6. Basics: You had 0 out of 42 hit points. You had 29 out of 45 energy points (spell power). Your armor class was 7. Your wallet contained 156 zorkmids. Autopickup was on for all types, with exceptions. Final Characteristics: Your strength was 13 (base:11, limit:18/50). Your dexterity was 9 (limit:18). Your constitution was 16 (limit:18). Your intelligence was 19 (limit:19). Your wisdom was 10 (limit:18). Your charisma was 12 (limit:18). Final Status: You were temporarily blind. You were not hungry. You were unencumbered. You were wielding a dagger. You were unskilled in dagger. Final Attributes: You were piously aligned. You were magic-protected. You had infravision. You were invisible. You were warded. You are dead. Miscellaneous: You encountered 1 bones level. Total elapsed playing time was 1 hour, 4 minutes and 16 seconds. Major events: Turn 1: Cohen the neutral male gnomish Wizard entered the dungeon 1201: entered the Gnomish Mines 1210: attained the rank of Conjurer (level 3) 2456: was bestowed with Magicbane by Thoth 4616: killed by a large dog called Indiana Vanquished creatures: an orc shaman a yellow light a gnome leader 3 giant ants 2 floating eyes 2 kittens 3 rothes a rabid rat 3 iguanas 2 hobbits a hobgoblin 5 cave spiders a brown mold a green mold a gnome a garter snake 4 geckos 7 jackals 4 kobolds a goblin 5 sewer rats 5 grid bugs 8 lichens a kobold zombie 9 newts 73 creatures vanquished. No species were genocided or became extinct. Voluntary challenges: You read items or engraved 5 times. You engraved Elbereth 1 time. You never genocided any monsters. You never polymorphed an object. You never changed form. You used no wishes. Achievements: You entered the Gnomish Mines. You attained the rank of Conjurer. You entered a shop. The Dungeons of Doom: levels 1 to 8 Level 1: "Vault" An altar to Thoth, a grave. Level 2: "Vault" Level 3: Some fountains. Stairs down to The Gnomish Mines. Level 4: "Vault" Level 5: "Spellbook Stash" A general store. Level 6: An altar to Thoth, a fountain. Level 7: Level 8: <- You were here. Final resting place for you, killed by a large dog called Indiana, OpticSugar-Arc-Hum-Mal-Neu, killed by touching Excalibur, nurdglaw-Sam-Hum-Fem-Law, killed by a mountain centaur. The Gnomish Mines: Level 4: Game over: ---------- / \ / REST \ / IN \ / PEACE \ / \ | Cohen | | 156 Au | | killed by a | | large dog called | | Indiana | | | | 2022 | *| * * * | * _________)/\\_//(\/(/\)/\//\/|_)_______ Goodbye Cohen the Wizard... You died in The Dungeons of Doom on dungeon level 8 with 1161 points, and 156 pieces of gold, after 4616 moves. You were level 5 with a maximum of 42 hit points when you died.